 Dungeon Crawl Stone Soup version 0.30-a0-845-g7c6808c8ce (webtiles) character file.

Game seed: 15454438037895555767

33 CowFu the Insei (level 3, -7/23 HPs)
             Began as an Octopode Transmuter on Mar 3, 2023.
             Mangled by a gnoll
             ... wielding a +0 flail
              (9 damage)
             ... on level 2 of the Dungeon.
             The game lasted 00:01:20 (898 turns).

CowFu the Insei (Octopode Transmuter)                Turns: 898, Time: 00:01:20

Health: -7/23      AC:  1    Str:  9    XL:     3   Next: 29%
Magic:  6/6        EV: 13    Int: 17    God:
Gold:   59         SH:  0    Dex: 12    Spells: 5/6 levels left

rFire   . . .      SeeInvis .      - Unarmed
rCold   . . .      Faith    .    (no shield)
rNeg    . . .      Spirit   .    (helmet currently unavailable)
rPois   .          Reflect  .    (no amulet)
rElec   .          Rampage  .    (no ring)
rCorr   .                        (no ring)
Will    .....                    (no ring)
Stlth   ++                       (no ring)
HPRegen 0.23/turn                (no ring)
MPRegen 0.10/turn                (no ring)
                                 (no ring)
                                 (no ring)

@: appendages (expiring)
A: tentacle spike 3, almost no armour, amphibious, 8 rings, camouflage 1,
gelatinous body 1, (nimble swimmer 1), tentacles
a: End Transformation


You were on level 2 of the Dungeon.
One of your tentacles had grown a beastly spike.
You visited 1 branch of the dungeon, and saw 2 of its levels.

You collected 59 gold pieces.

Inventory:

Scrolls
 b - a scroll of fear {unknown}
 c - 2 scrolls of amnesia {unknown}
 d - a scroll of teleportation {unknown}
 h - 4 scrolls of brand weapon {unknown}
 j - a scroll of noise {unknown}
Potions
 a - a potion of lignification
 e - a potion of curing {unknown}
 f - a potion of degeneration {unknown}
 g - a potion of invisibility {unknown}
 i - a potion of mutation {unknown}


   Skills:
 + Level 1.5 Fighting
 + Level 2.4 Dodging
 + Level 3.2 Unarmed Combat
 + Level 2.3 Spellcasting
 + Level 2.3 Transmutations


You had 5 spell levels left.
You knew the following spells:

 Your Spells              Type           Power      Damage    Failure   Level
a - Beastly Appendage     Tmut           18%        N/A       7%          1

Your spell library contained the following spells:

 Spells                   Type           Power      Damage    Failure   Level
 Wereblood                Tmut           9%         N/A       11%         2
 Spider Form              Tmut/Pois      5%         N/A       34%         3
 Ice Form                 Ice/Tmut       5%         N/A       75%         4


Dungeon Overview and Level Annotations

Branches:
Dungeon (2/15)

Altars:


Innate Abilities, Weirdness & Mutations

One of your tentacles has grown a beastly spike.
You cannot wear most types of armour.
You are amphibious.
You can wear up to eight rings at the same time.
Your skin changes colour to match your surroundings (Stealth+).
Your rubbery body absorbs attacks. (AC +1, EV +1)
((You are camouflaged when in or above water. (Stealth+)))
You have tentacles for arms and can constrict up to eight enemies at once.


Message History

j - a scroll labelled DIKLYIL XUWNOL A ball python comes into view.
One of your tentacles grows a vicious spike.
The ball python hisses angrily.
You tentacle-slap the ball python.
You kill the ball python!
Your transformation is almost over.
No target in view!
Your tentacle spike disappears.
Found a stone staircase leading down.
A quokka comes into view.
Found a stone staircase leading down.
A quokka is nearby!
A quokka is nearby!
A quokka is nearby!
One of your tentacles grows a vicious spike.
A gnoll comes into view. It is wielding a +4 whip of holy wrath.
The gnoll shouts!
A kobold comes into view. It is wielding a +0 dagger.
The kobold shouts!
You hear a shout! x2
A gnoll comes into view. It is wielding a +0 flail.
You hear an angry hiss.
You hear a shout!
You closely miss the quokka. You grab the quokka. You squeeze the quokka.
You kill the quokka!
The gnoll hits you with a +4 whip of holy wrath!
You tentacle-slap the gnoll but do no damage.
Your grab misses the gnoll. You squeeze the gnoll.
The gnoll is moderately wounded.
Your transformation is almost over.
The gnoll misses you.
You tentacle-slap the gnoll. You grab the gnoll.
You pierce the gnoll.
The gnoll is almost dead.
You constrict the gnoll, but do no damage.
You tentacle-slap the gnoll but do no damage.
The gnoll is almost dead.
You constrict the gnoll, but do no damage.
The gnoll hits you with a +4 whip of holy wrath!
* * * LOW HITPOINT WARNING * * *
The gnoll hits you with a +0 flail!
You die...

#.# #.# #. ... #.# #.#.
.. #.# #.#.#.. #.#
#.#... ..# ##.#... .##
####>...K#
.####..........gg#
......# #..†#@# .####.#
#....#####.# ......#
######........#
#####.#.##............#
#.#.##..###..###### #
#.#.##..# #..#
#####.#.##..###..#######
.......................>
..###.#...###.##.#######


You could see 2 gnolls and a kobold.

Vanquished Creatures
  A dart slug (D:1)
  3 bats
  3 endoplasms
  2 giant cockroaches (D:1)
  5 goblins (D:1)
  3 hobgoblins (D:1)
  A kobold (D:2)
  A quokka (D:2)
  3 ball pythons
  3 frilled lizards
  2 rats (D:2)
27 creatures vanquished.

Notes
Turn   | Place    | Note
-------+----------+-------------------------------------------
     0 | D:1      | CowFu the Octopode Transmuter began the quest for the Orb.
     0 | D:1      | Reached XP level 1. HP: 13/13 MP: 3/3
    76 | D:1      | Reached XP level 2. HP: 18/18 MP: 3/5
   581 | D:1      | Reached XP level 3. HP: 23/23 MP: 4/6
   898 | D:2      | Mangled by a gnoll

Illustrated notes

Levels and vault maps discovered:
D:1:      erik_arrival_orb_chamber, layout_basic, hangedman_decor_diamond_cutter
D:2:      minmay_angry_zag, layout_loops_ring, minmay_hexomino_f4

Action                     || total
---------------------------++-------
  Melee: Unarmed           ||    57
         Kick              ||    12
         Constrict         ||    14
         Tentacles         ||    11
         Punch             ||     1
   Cast: Beastly Appendage ||    17
   Stab: Sleeping          ||     3
 Armour: Skin              ||     3
  Dodge: Dodged            ||    28

Table legend: (Time is in decaauts)
 A = Elapsed time spent in this place.
 B = Non-inter-level travel time spent in this place.
 C = Inter-level travel time spent in this place.
 D = Time resting spent in this place.
 E = Time spent auto-exploring this place.
 F = Levels seen in this place.
 G = Mean time per level.
                   A        B        C        D        E       F      G
               +--------+--------+--------+--------+--------+-----+--------+
         Total |    894 |    884 |     10 |      0 |    723 |   2 |  447.0 |
       Dungeon |    894 |    884 |     10 |      0 |    723 |   2 |  447.0 |
               +--------+--------+--------+--------+--------+-----+--------+

Top non-repeatable levels by time:
     D:1: 768 daAuts
     D:2: 125 daAuts
